 Dungeon Crawl Stone Soup version 0.29-a0-352-g0917bc69df (webtiles) character file.

Game seed: 8702734120043702950

13 spaghetti the Vexing (level 2, 23/23 HPs)
             Began as a Gnoll Arcane Marksman on Apr 24, 2022.
             Was a Follower of Dithmenos.
             Quit the game on level 2 of the Dungeon.
             The game lasted 00:01:27 (332 turns).

spaghetti the Vexing (Gnoll Arcane Marksman)         Turns: 332, Time: 00:01:27

Health: 23/23      AC:  2    Str:  9    XL:     2   Next: 37%
Magic:  5/5        EV: 13    Int: 12    God:    Dithmenos [*.....]
Gold:   26         SH:  0    Dex: 12    Spells: 5/6 levels left

rFire   . . .      SeeInvis .   a - +0 shortbow {bow}
rCold   . . .      Faith    .   (shield currently unavailable)
rNeg    . . .      Spirit   .   b - +0 robe
rPois   .          Reflect  .   (no helmet)
rElec   .          Harm     .   (no cloak)
rCorr   .          Rampage  .   (no gloves)
Will    .....                   (no boots)
Stlth   +.........              (no amulet)
HPRegen 0.07/turn               (no ring)
MPRegen 0.09/turn               (no ring)

@: wreathed by umbra
A: fangs 1, strong nose, distributed training
a: Renounce Religion


You were on level 2 of the Dungeon.
You worshipped Dithmenos.
Dithmenos was aware of your devotion.
You visited 1 branch of the dungeon, and saw 2 of its levels.

You collected 26 gold pieces.


Innate Abilities, Weirdness & Mutations

You have very sharp teeth.
Your uncanny sense of smell can sniff out nearby items.
Your experience applies equally to all skills.


   Skills:
 + Level 2.5 Fighting
 + Level 0.4 Short Blades
 + Level 0.4 Long Blades
 + Level 0.4 Axes
 + Level 0.4 Maces & Flails
 + Level 0.4 Polearms
 + Level 0.4 Staves
 + Level 0.4 Slings
 + Level 4.5 Bows
 + Level 0.4 Crossbows
 + Level 0.4 Throwing
 + Level 0.4 Armour
 + Level 4.5 Dodging
 + Level 0.4 Stealth
 + Level 0.4 Shields
 + Level 0.4 Unarmed Combat
 + Level 2.7 Spellcasting
 + Level 0.2 Conjurations
 + Level 5.3 Hexes
 + Level 0.2 Summonings
 + Level 0.2 Necromancy
 + Level 0.2 Translocations
 + Level 0.2 Transmutations
 + Level 0.2 Fire Magic
 + Level 0.2 Ice Magic
 + Level 0.2 Air Magic
 + Level 0.2 Earth Magic
 + Level 0.2 Poison Magic
 + Level 0.5 Invocations
 + Level 0.4 Evocations


You had 5 spell levels left.
You knew the following spells:

 Your Spells              Type           Power      Damage    Failure   Level
a - Slow                  Hex            56%        N/A       2%          1

Your spell library contained the following spells:

 Spells                   Type           Power      Damage    Failure   Level
 Dazzling Flash           Conj/Hex       16%        N/A       24%         3
 Inner Flame              Hex/Fire       8%         N/A       24%         3
 Portal Projectile        Hex/Tloc       16%        N/A       24%         3
 Cause Fear               Hex            7%         N/A       28%         4
 Iskenderun's Mystic Bla  Conj/Tloc      2%         2d3       92%         4
 Starburst                Conj/Fire      1%         6d3       100%        6

Inventory:

Hand Weapons
 a - a +0 shortbow (weapon) {bow}
Missiles
 d - 22 stones {throwing}
Armour
 b - a +0 robe (worn)
Magical Staves
 e - a staff of poison {!astaff}
   (You found it on level 1 of the Dungeon)
Scrolls
 c - a scroll of vulnerability {!r!r}
 f - a scroll of identify {unknown}
Potions
 g - a potion of brilliance {unknown}
 h - a potion of curing {unknown}
 i - a potion of berserk rage {unknown}

Dungeon Overview and Level Annotations

Branches:
Dungeon (1/15)

Altars:
Dithmenos
Sif Muna

Shops:
D:2

[
..#..........####..##8.8.8.......
....#........# #..####........##
..###.##.....# #.........#.##.#
..###.##.....# #..######...# #
.............# #..######.###
..#####......# ##..#.......# ..#
#....#.###...######..# ..#
#..###.#..........##.##
..#####.._...#..@...## #..#
........##...#.......# ##.#
..#####...)..#.......# #.#
..#####..............# #..
...................#.# ....
##...##.##.#.####...... ##...
#...##.##.#.# ....... #..#
#...##.##.#.# ...._.. ..#
#.......##.#.# ......


There were no monsters in sight!


Message History

No target in view!
No target in view!
No target in view!
No target in view!
No target in view!
No target in view!
No target in view!
No target in view!
No target in view!
No target in view!
No target in view!
No target in view!
No target in view!
No target in view!
No target in view!
No target in view!
A worm is nearby!
A worm is nearby!
A worm is nearby!
You shoot an arrow. The arrow hits the worm!
You kill the worm!
No target in view!
No target in view!
No target in view!
No target in view!
No target in view!
No target in view!
i - a purple potion A frilled lizard comes into view.
A frilled lizard is nearby!
A frilled lizard is nearby!
You shoot an arrow. The frilled lizard hisses angrily.
The arrow hits the frilled lizard.
You kill the frilled lizard!
No target in view!
No target in view!
No target in view!
No target in view!
No target in view!
No target in view!
No target in view!
No target in view!
No target in view!
Found a shimmering blue altar of Sif Muna.
No target in view!
Unknown command.
There is a faded altar of an unknown god here.
You cannot tell which god this altar belongs to.
Convert to them anyway?
Dithmenos accepts your prayer! Dithmenos welcomes you!
You are shrouded in an aura of darkness!
An endoplasm comes into view.
You see here 10 gold pieces.
An endoplasm is nearby!
An endoplasm is nearby!
An endoplasm is nearby!
You shoot an arrow. The arrow barely misses the endoplasm.
The endoplasm quivers.
You shoot an arrow. The arrow barely misses the endoplasm.
You shoot an arrow. The arrow hits the endoplasm.
You shoot an arrow. The arrow hits the endoplasm.
You shoot an arrow. The arrow hits the endoplasm.
You kill the endoplasm!
Dithmenos accepts your kill.
No target in view!
No target in view!
No target in view!
No target in view!
No target in view!
No target in view!
No target in view!
No target in view!
No target in view!
No target in view!
No target in view!
No target in view!
No target in view!
No target in view!
No target in view!
No target in view!
No target in view!
No target in view!
No target in view!
No target in view!
No target in view!
No target in view!
No target in view!
No target in view!
No target in view!
No target in view!
No target in view!
No target in view!
No target in view!
No target in view!
No target in view!
No target in view!
No target in view!
No target in view!
Are you sure you want to abandon this character and quit the game? (Confirm with "yes".)

Action                   || total
-------------------------++-------
 Fire: Shortbow          ||    23
 Cast: Slow              ||     2
Dodge: Dodged            ||     2

Levels and vault maps discovered:
D:1:      dpeg_arrival_long_road, layout_loops_ring, minmay_misc_feat_alley,
          st_stairs_4, minmay_distorted
D:2:      layout_basic, serial_shops,
          nicolae_shop_temple_entry_statues_fountains, basic_altar,
          basic_ecumenical_altar

Notes
Turn   | Place    | Note
-------+----------+-------------------------------------------
     0 | D:1      | spaghetti the Gnoll Arcane Marksman began the quest for the
                  | Orb.
     0 | D:1      | Reached XP level 1. HP: 17/17 MP: 4/4
     0 | D:1      | magus.rc [v1.9.6]
    86 | D:1      | You pick up a book of Spectacle and begin reading...
    86 | D:1      | You add the spells Dazzling Flash, Iskenderun's Mystic
                  | Blast and Starburst to your library.
   158 | D:1      | You fall into a shaft and drop 1 floor!
   164 | D:2      | Found Uterroc's Antique Armour Emporium.
   215 | D:2      | Reached XP level 2. HP: 21/23 MP: 2/5
   250 | D:2      | Found a faded altar of an unknown god.
   312 | D:2      | Found a shimmering blue altar of Sif Muna.
   319 | D:2      | Prayed at the altar of an unknown god.
   319 | D:2      | Became a worshipper of Dithmenos the Shadowed
   319 | D:2      | Reached * piety under Dithmenos
   332 | D:2      | Quit the game

Vanquished Creatures
  A worm (D:2)
  A dart slug (D:1)
  An endoplasm (D:2)
  A giant cockroach (D:2)
  A hobgoblin (D:1)
  A bat (D:1)
  2 frilled lizards
  A rat (D:2)
9 creatures vanquished.

Table legend:
 A = Non-vault XP
 B = Vault XP
 C = Vault XP percentage of total XP
 D = Non-vault monster count
 E = Vault monster count
 F = Vault count percentage of total count
                 A         B        C        D         E       F
            +---------+---------+-------+---------+---------+-------
      Total |      15 |       4 |  21.1 |       8 |       1 |  11.1
            +---------+---------+-------+---------+---------+-------
        D:1 |       4 |       4 |  50.0 |       3 |       1 |  25.0
        D:2 |      11 |       0 |   0.0 |       5 |       0 |   0.0
            +---------+---------+-------+---------+---------+-------

Illustrated notes

Table legend:
 A = Kills in this place as a percentage of kills in entire the game.
 B = Kills by you in this place as a percentage of kills by you in the entire game.
 C = Kills by friends in this place as a percentage of kills by friends in the entire game.
 D = Other kills in this place as a percentage of other kills in the entire game.
 E = Experience gained in this place as a percentage of experience gained in the entire game.
 F = Experience gained in this place divided by the number of levels of this place that you have seen.
                   A       B       C       D       E      F
               +-------+-------+-------+-------+-------+----------------------
         Total | 100.0 | 100.0 |   N/A |   N/A | 100.0 |   9.5
       Dungeon | 100.0 | 100.0 |   N/A |   N/A | 100.0 |   9.5
               +-------+-------+-------+-------+-------+----------------------

Table legend: (Time is in decaauts)
 A = Elapsed time spent in this place.
 B = Non-inter-level travel time spent in this place.
 C = Inter-level travel time spent in this place.
 D = Time resting spent in this place.
 E = Time spent auto-exploring this place.
 F = Levels seen in this place.
 G = Mean time per level.
                   A        B        C        D        E       F      G
               +--------+--------+--------+--------+--------+-----+--------+
         Total |    337 |    337 |      0 |      0 |    278 |   2 |  168.5 |
       Dungeon |    337 |    337 |      0 |      0 |    278 |   2 |  168.5 |
               +--------+--------+--------+--------+--------+-----+--------+

Top non-repeatable levels by time:
     D:2: 177 daAuts
     D:1: 160 daAuts
